 Dungeon Crawl Stone Soup version 0.29-a0-284-gf9362112df (webtiles) character file.

Game seed: 16098063695059218089

556 garrulousMonolith the Chopper (level 7, 0/61 HPs)
             Began as a Hill Orc Monk on Mar 25, 2022.
             Was a Believer of Beogh.
             Slain by a tengu (1 damage)
             ... on level 5 of the Dungeon.
             The game lasted 00:05:57 (5283 turns).

garrulousMonolith the Chopper (Hill Orc Monk)       Turns: 5283, Time: 00:05:58

Health: 0/61       AC:  7    Str: 16    XL:     7   Next: 30%
Magic:  9/9        EV: 10    Int: 10    God:    Beogh [**....]
Gold:   335        SH:  5    Dex: 13    Spells: 6/6 levels left

rFire   . . .      SeeInvis .   a - +0 hand axe
rCold   . . .      Faith    .   (no shield)
rNeg    . . .      Spirit   .   f - +0 scale mail
rPois   .          Reflect  +   (no helmet)
rElec   .          Harm     .   (no cloak)
rCorr   .          Rampage  .   k - +0 pair of gloves
Will    .....                   (no boots)
Stlth   ..........              e - amulet of reflection
HPRegen 0.20/turn               (no ring)
MPRegen 0.11/turn               (no ring)

@: lethally poisoned (0 -> -4), studying Shields
A: no striking features
a: Renounce Religion, Smiting


You were on level 5 of the Dungeon.
You worshipped Beogh.
Beogh was pleased with you.
You visited 1 branch of the dungeon, and saw 5 of its levels.

You collected 335 gold pieces.

Inventory:

Hand Weapons
 a - a +0 hand axe (weapon)
Missiles
 b - 8 boomerangs
 c - 160 stones
 g - 2 poisoned darts (quivered)
 t - 4 atropa-tipped darts
Armour
 f - a +0 scale mail (worn)
 k - a +0 pair of gloves (worn)
Jewellery
 e - an amulet of reflection (around neck)
 i - a ring of flight
Wands
 n - a wand of polymorph (7)
Scrolls
 d - a scroll of holy word
 j - a scroll of enchant armour {unknown}
 m - a scroll of amnesia {unknown}
 o - a scroll of enchant weapon {unknown}
 p - a scroll of noise {unknown}
 u - a scroll of magic mapping {unknown}
 v - 2 scrolls of identify
 w - a scroll of torment {unknown}
Potions
 h - 2 potions of attraction
 l - 3 potions of magic


   Skills:
 + Level 5.1 Fighting
 * Level 6.8 Axes
 + Level 2.9 Armour
 + Level 3.5 Dodging
 - Level 1.5 Stealth
 + Level 2.9 Shields
 + Level 3.2 Invocations


You had 6 spell levels left.
You didn't know any spells.
Your spell library contained the following spells:

 Spells                   Type           Power      Damage    Failure   Level
 Ensorcelled Hibernation  Hex/Ice        0%         N/A       90%         2
 Passwall                 Tmut/Erth      0%         N/A       90%         2
 Ignite Poison            Fire/Tmut/Pois 0%         N/A       99%         3
 Mephitic Cloud           Conj/Pois/Air  0%         N/A       99%         3
 Swiftness                Air            0%         N/A       99%         3
 Freezing Cloud           Conj/Ice/Air   0%         6-21      100%        5


Dungeon Overview and Level Annotations

Branches:
Dungeon (5/15)
 Temple: D:4-7

Altars:
Ashenzari
Trog

Shops:
D:4 *


Message History

The killer bee stings you but does no damage.
You feel sick. The killer bee stings you.
You feel sick. The killer bee stings you.
The killer bee attacks as you move away!
The killer bee stings you but does no damage.
You feel sick. The killer bee stings you.
You feel sick.
You kill the killer bee!
Beogh accepts your kill.
Throw: 3 darts (poison)
Press: ? - help, Q - select action, (/) - cycle Shift-Dir - straight line, f - killer bee
Aim: a killer bee (29% to hit)
You throw a poisoned dart. The poisoned dart hits the killer bee.
The killer bee is poisoned.
You feel sick. The killer bee stings you!
* * * LOW HITPOINT WARNING * * *
You are more poisoned.
The killer bee poisons you! The killer bee stings you.
* * * LOW HITPOINT WARNING * * *
It was a potion of cancellation.
You feel magically purged.
* * * LOW HITPOINT WARNING * * *
You feel very sick. The killer bee closely misses you. x2
Aiming: Polymorph
Press: ? - help, Shift-Dir - straight line, f/p - killer bee
Aim: a killer bee (moderately wounded, poisoned, will become a bat, a tengu, or an acid dragon, chance to affect: 57%)
The killer bee evaporates and reforms as a tengu!
* * * LOW HITPOINT WARNING * * *
You feel sick.
You barely miss the tengu.
* * * LOW HITPOINT WARNING * * *
You feel sick. The tengu closely misses you.
The tengu pecks you but does no damage. The tengu completely misses you.
You hit the tengu.
The tengu is lightly wounded.
* * * LOW HITPOINT WARNING * * *
You feel sick. The tengu hits you.
* * * LOW HITPOINT WARNING * * *
The tengu pecks you.
You die...

#################
(...(.(yyyQ@....#
##########
###############.#
#....)....
############## #.#
#.########
#............# #.#
#.# #
#.##########.# #.#
#.# # #.# #.# #.#
#.# # #.# #.# #.#
#.##### # #.# #.#
#.# #.....#### #.#
#.###.###.###..##.


You could see a tengu and 3 killer bees.

Vanquished Creatures
  A phantom (D:4)
  A scorpion (D:5)
  2 killer bees (D:5)
  A howler monkey (D:5)
  3 hounds
  2 iguanas
  An orc wizard (D:5)
  3 gnolls (D:3)
  4 adders
  2 worms (D:3)
  A dart slug (D:5)
  6 orcs
  2 endoplasms
  5 giant cockroaches
  6 goblins
  6 hobgoblins
  3 jackals (D:1)
  6 ball pythons
  4 bats
  4 frilled lizards
  4 kobolds
  6 rats
73 creatures vanquished.

Notes
Turn   | Place    | Note
-------+----------+-------------------------------------------
     0 | D:1      | garrulousMonolith the Hill Orc Monk began the quest for the
                  | Orb.
     0 | D:1      | Reached XP level 1. HP: 19/19 MP: 1/1
   212 | D:1      | Reached XP level 2. HP: 26/27 MP: 2/2
   462 | D:1      | Found a faded altar of an unknown god.
   744 | D:1      | Reached skill level 1 in Invocations
   904 | D:1      | Reached XP level 3. HP: 31/33 MP: 3/3
  1561 | D:2      | Found a bloodstained altar of Trog.
  1688 | D:2      | Reached skill level 1 in Armour
  2348 | D:3      | Reached skill level 5 in Axes
  2360 | D:3      | Reached XP level 4. HP: 5/40 MP: 5/5
  3248 | D:4      | Found a broken altar of Ashenzari.
  3251 | D:4      | Became a worshipper of Beogh the Brigand
  3251 | D:4      | Reached * piety under Beogh
  3251 | D:4      | Reached ** piety under Beogh
  3332 | D:4      | Reached XP level 5. HP: 39/46 MP: 6/6
  3556 | D:4      | Noticed a phantom
  3560 | D:4      | Found Xoet's Lightly-Used Armoury.
  3581 | D:4      | Killed a phantom
  3582 | D:4      | Reached skill level 1 in Shields
  3582 | D:4      | Reached XP level 6. HP: 23/53 MP: 7/7
  4177 | D:5      | Entered Level 5 of the Dungeon
  4299 | D:5      | Reached skill level 6 in Axes
  4773 | D:5      | Reached skill level 5 in Fighting
  4773 | D:5      | Reached XP level 7. HP: 21/61 MP: 9/9
  5283 | D:5      | HP: 1/61 [tengu (5)]
  5283 | D:5      | Slain by a tengu

Illustrated notes

Levels and vault maps discovered:
D:1:      minmay_arrival_loop, layout_basic, chequers_ecumenical_altar_island,
          amcnicky_mini_corridor_feature
D:2:      layout_basic, basic_altar
D:3:      layout_loops_cross, minmay_ruptured
D:4:      layout_basic, ashenzari_altar_1, minmay_shop_damaged,
          minmay_door_square, minmay_manual_mail
D:5:      layout_loops_ring, grunt_ministairs_8, kennysheep_nondescript,
          kennysheep_generic_room_5

Skill      XL: |  1  2  3  4  5  6 |
---------------+-------------------+-----
Invocations    | 1 2 3 |  3.2
Armour         | 1 2 |  2.9
Fighting       | 4 5 |  5.1
Axes           | 5 6 |  6.8
Dodging        | 3 |  3.5
Shields        | 1 2 |  2.9
Stealth        | |  1.5

Action                   |  1- 3 |  4- 6 |  7- 9 || total
-------------------------+-------+-------+-------++-------
Melee: Hand axe          |   164 |   196 |    13 ||   373
       Punch             |     2 |     2 |     1 ||     5
       Unarmed           |       |     5 |       ||     5
Throw: Dart              |       |    11 |     7 ||    18
       Stone             |       |     3 |       ||     3
       Boomerang         |       |     1 |       ||     1
Invok: Convert to Beogh  |       |     1 |       ||     1
Evoke: Wand              |       |       |     1 ||     1
  Use: Potion            |     2 |     2 |     1 ||     5
       Scroll            |     2 |     1 |       ||     3
 Stab: Sleeping          |     2 |       |       ||     2
Armor: Robe              |    18 |       |       ||    18
       Scale mail        |    26 |    69 |     7 ||   102
Dodge: Dodged            |   117 |    83 |    15 ||   215
Block: Other             |     4 |    43 |     3 ||    50

Table legend: (Time is in decaauts)
 A = Elapsed time spent in this place.
 B = Non-inter-level travel time spent in this place.
 C = Inter-level travel time spent in this place.
 D = Time resting spent in this place.
 E = Time spent auto-exploring this place.
 F = Levels seen in this place.
 G = Mean time per level.
                   A        B        C        D        E       F      G
               +--------+--------+--------+--------+--------+-----+--------+
         Total |   5281 |   5040 |    241 |    416 |   3800 |   5 | 1056.2 |
       Dungeon |   5281 |   5040 |    241 |    416 |   3800 |   5 | 1056.2 |
               +--------+--------+--------+--------+--------+-----+--------+

Top non-repeatable levels by time:
     D:1: 1219 daAuts
     D:2: 1180 daAuts
     D:5: 1085 daAuts
     D:4: 931 daAuts
     D:3: 865 daAuts
